 Dungeon Crawl Stone Soup version 0.21.1-1-g345015fe64 (webtiles) character file.

120873 Gargoyl the Corrupter of Planes (level 16, -3/137 HPs)
             Began as a Centaur Abyssal Knight on May 1, 2018.
             Was the Champion of Lugonu.
             Slain by a glaive of venom (26 damage)
             ... on level 1 of the Elven Halls.
             The game lasted 01:01:26 (35581 turns).

Gargoyl the Corrupter of Planes (CeAK)             Turns: 35581, Time: 01:01:27

Health: -3/137     AC: 18    Str: 28    XL:     16   Next: 31%
Magic:  35/36      EV:  9    Int: 11    God:    Lugonu [******]
Gold:   2325       SH: 23    Dex: 12    Spells: 15/15 levels left

rFire    . . .     SeeInvis +   u - +11 falchion of Uskayaw's Envy {drain, rC++}
rCold    + + +     Gourm    .   T - +1 large shield {rC+}
rNeg     . . .     Faith    .   d - +1 leather armour of Vampiric Thralls {+Blink Str+6 Dex-3 Slay+4}
rPois    .         Spirit   .   (no helmet)
rElec    +         Reflect  +   C - +1 cloak {+Inv}
rCorr    .         Harm     .   i - +0 pair of gloves
MR       ++...                  b - +2 centaur barding
Stlth    ..........             Y - +5 amulet of reflection
HPRegen  0.32/turn              D - ring of protection from magic
MPRegen  0.25/turn              H - ring "Xaguetet" {rElec MP+9 Str+6 SInv Stlth-}

@: lethally poisoned (-3 -> -12), very quick
A: large, hooves 3, deformed body, speed 2, tough skin 3
a: Depart the Abyss, Bend Space, Banish, Corrupt, Enter the Abyss, Brand Weapon
With Distortion, Renounce Religion, Evoke Blink, Evoke Invisibility


You were on level 1 of the Elven Halls.
You worshipped Lugonu.
Lugonu was exalted by your worship.
You were not hungry.

You visited 4 branches of the dungeon, and saw 24 of its levels.
You visited the Abyss 2 times.
You also visited: Ossuary and Ice Cave.

You collected 2868 gold pieces.
You spent 543 gold pieces at shops.

Inventory:

Hand Weapons
 a - a +2 hand axe
 u - the +11 falchion of Uskayaw's Envy (weapon) {drain, rC++}
   (You took it off an orc on level 6 of the Dungeon)

   A truly terrible weapon, it drains the life of those it strikes.
   It greatly protects you from cold.
 E - a +0 broad axe
 X - a +3 falchion
Missiles
 G - 15 tomahawks (quivered)
Armour
 b - a +2 centaur barding (worn)
 d - the +1 leather armour of Vampiric Thralls (worn) {+Blink Str+6 Dex-3 Slay+4}
   (You found it on level 2 of the Abyss)

   It affects your strength (+6).
   It affects your dexterity (-3).
   It affects your accuracy and damage with ranged weapons and melee attacks
   (+4).
   It lets you blink.
 i - a +0 pair of gloves (worn)
 B - a scarf of cloud immunity
 C - a +1 cloak of invisibility (worn)
 K - a +0 centaur barding of fire resistance
 T - a +1 large shield of cold resistance (worn)
Jewellery
 q - an uncursed ring of protection from magic
 t - an uncursed ring of poison resistance
 D - a ring of protection from magic (left hand)
 F - an uncursed ring of ice
 H - the ring "Xaguetet" (right hand) {rElec MP+9 Str+6 SInv Stlth-}
   (You bought it in a shop on level 2 of the Orcish Mines)

   [ring of magical power]

   It affects your strength (+6).
   It insulates you from electricity.
   It affects your magic capacity (+9).
   It lets you see invisible.
   It makes you less stealthy.
 Q - an uncursed ring of flight
 Y - a +5 amulet of reflection (around neck)
Wands
 y - a wand of clouds (4)
 A - a wand of scattershot (6)
Scrolls
 f - 5 scrolls of identify
 g - 12 scrolls of remove curse
 k - 19 scrolls of teleportation
 n - 5 scrolls of fear
 w - 4 scrolls of magic mapping
 x - 2 scrolls of fog
 N - 2 scrolls of enchant weapon
 U - 2 scrolls of blinking
Potions
 e - 12 potions of curing
 h - 4 potions of brilliance
 j - 5 potions of haste
 l - 6 potions of heal wounds
 m - 4 potions of invisibility
 o - 4 potions of lignification
 p - 4 potions of flight
 r - 2 potions of mutation {unknown}
 s - 3 potions of cancellation
 v - 3 potions of might
 z - 3 potions of magic
 I - 2 potions of berserk rage
 J - 4 potions of ambrosia {unknown}
 L - 2 potions of degeneration {unknown}
Comestibles
 c - 39 rations


   Skills:
 + Level 11.1 Fighting
 + Level 12.9 Long Blades
 + Level 6.6 Axes
 * Level 9.9 Armour
 + Level 8.0 Dodging
 + Level 7.4 Shields
 * Level 14.8 Invocations
 + Level 0.3 Evocations


You had 15 spell levels left.
You didn't know any spells.

Dungeon Overview and Level Annotations

Branches:
Dungeon (15/15) Temple (0/1) D:5 Lair (6/6) D:9 Swamp (0/4) Lair:2 Snake (0/4) Lair:4 Slime (0/5) Lair:6 Orc (2/2) D:11 Elf (1/3) Orc:2 Vaults (0/5) D:13 D:14 Depths (0/5) D:15

Altars:
Cheibriados
Dithmenos
Elyvilon
Fedhas
Gozag
Hepliaklqana
Nemelex Xobeh
Okawaru
Qazlal
Sif Muna
Trog
Vehumet
Xom
Yredelemnul
Zin
The Shining One
Jiyva

Shops:
Orc:2 }}=!

Annotations:
D:4 Duvessa


Innate Abilities, Weirdness & Mutations

You have hooves in place of feet.
Armour fits poorly on your strangely shaped body.
You cover ground very quickly.
You have extremely tough skin. (AC +3)


Message History

The glaive of venom is heavily damaged.
You feel sick. You block the glaive of venom's attack.
The deep elf mage casts a spell at you. The bolt of fire hits you!
* * * LOW HITPOINT WARNING * * *
Unknown command.
You slash the glaive of venom!
You kick the glaive of venom, but do no damage.
The glaive of venom is severely damaged.
* * * LOW HITPOINT WARNING * * *
You feel sick.
Unknown command.
You feel better. The glaive of venom hits you!!
* * * LOW HITPOINT WARNING * * *
You are lethally poisoned!
You block the earth elemental's attack.
You feel much better.
You feel sick. You block the glaive of venom's attack. Space bends around you!
You blink.
You feel sick.
The glaive of venom hits you from afar!!
You die...

#$###..)..###
#.'.#.....#e+
#####.....###
#....E# #.....#
#######
#.###.####.....+#
#.# #..E§(......#
#.# #####e....=.#
#. #..@....#
+.......#
#.......#
+#.....+# ###+..#
#+#


You could see an earth elemental, a deep elf mage and a glaive of venom.

Vanquished Creatures
  Gastronok (Lair:1)
  A frost giant (IceCv)
  Louise (D:15)
  A deep elf elementalist (Abyss:1)
  A war gargoyle (D:12)
  An ettin (D:12)
  A fire dragon (Lair:6)
  Fannar (Orc:1)
  2 catoblepae
  The ghost of Schimscham the Arsonist, a journeyman OpFE of Sif Muna (D:9)
  2 centaur warriors
  4 death yaks (Lair:5)
  8 two-headed ogres
  A deep troll earth mage (D:12)
  An orc high priest (Orc:2)
  Urug (D:14)
  Nergalle (Orc:1)
  A fire crab (D:13)
  A lindwurm (Lair:6)
  An orc knight (D:14)
  10 ugly things
  4 orc sorcerers (Orc:2)
  6 deep elf magi
  A cyclops (D:13)
  A salamander (D:15)
  3 manticores
  19 elephants
  3 centaur zombies
  Maurice (D:13)
  3 ice statues (IceCv)
  2 gargoyles
  3 black mambas
  20 spiny frogs
  5 torpor snails (Lair:6)
  A kobold demonologist (D:15)
  2 rime drakes (Lair:5)
  4 komodo dragons
  2 queen bees
  10 trolls
  24 polar bears
  4 tyrant leeches (Lair:6)
  10 hornets
  6 slime creatures
  A dream sheep (Lair:6)
  18 blink frogs
  2 raiju (Lair:6)
  Sigmund (D:3)
  22 hippogriffs
  12 spriggans (Lair:5)
  A vampire (D:15)
  4 shadows
  2 wraiths
  11 wyverns
  94 yaks
  16 humans (D:13)
  A fire elemental (Elf:1)
  6 basilisks
  2 hungry ghosts
  4 vampire mosquitoes (D:13)
  6 wargs (Lair:6)
  2 nagas (Lair:4)
  An acid dragon (D:11)
  2 two-headed ogre zombies (D:11)
  8 water moccasins
  11 porcupines
  2 soldier ants
  14 hell hounds
  2 eyes of draining
  6 sky beasts
  15 black bears
  3 ice beasts
  13 orc warriors
  2 phantoms (D:11)
  2 necrophages
  6 boggarts
  10 ogres
  30 wolves
  5 centaurs
  18 crocodiles
  3 big kobolds
  A big kobold (shapeshifter) (D:15)
  13 bullfrogs
  A wyvern zombie (D:12)
  Dowan (D:4)
  3 scorpions
  2 troll zombies (D:11)
  A water moccasin skeleton (D:6)
  58 killer bees
  The ghost of Ivernyr the Charmwright, a weakling DsSk (D:3)
  4 wights (D:15)
  2 howler monkeys (D:6)
  3 electric eels
  4 crimson imps
  A bullfrog zombie (D:11)
  10 jellies
  Crazy Yiuf (D:6)
  5 hounds
  2 quasits
  19 orc priests
  4 bullfrog skeletons
  33 orc wizards
  7 iguanas
  Natasha (thrice) (D:3)
  13 worker ants
  A big kobold zombie (Ossuary)
  4 ogre zombies (D:11)
  A hound skeleton (D:9)
  9 mummies
  8 adders
  3 shadow imps
  12 white imps (D:11)
  12 oozes (Lair:3)
  An adder skeleton (D:4)
  A worm (D:2)
  5 dart slugs
  5 leopard geckos
  55 orcs
  8 giant cockroaches
  2 gnoll zombies (Ossuary)
  2 goblins
  11 hobgoblins
  4 jackals
  2 quokkas
  16 bats
  2 frilled lizards
  A giant cockroach zombie (D:2)
  A goblin skeleton (D:11)
  3 goblin zombies
  3 hobgoblin zombies
  A jackal zombie (D:6)
  15 kobolds
  2 kobold zombies (Ossuary)
  A leopard gecko skeleton (D:7)
  6 orc skeletons (D:11)
  17 orc zombies
  7 rats
  A fungus (D:6)
948 creatures vanquished.

Vanquished Creatures (others)
  Nessos (D:14)
  7 hydras
  A two-headed ogre (D:8)
  An elephant (Lair:6)
  A black mamba (Lair:6)
  A spiny frog (Lair:6)
  A yak (D:9)
  A basilisk (D:9)
  2 orc warriors
  A centaur (D:14)
  2 killer bees (D:9)
  A bush (Lair:3)
  19 fungi
  39 plants
78 creatures vanquished.

Grand Total: 1026 creatures vanquished

Notes
Turn   | Place    | Note
-------+----------+-------------------------------------------
     0 | Abyss:1  | Gargoyl the Centaur Abyssal Knight began the quest for the Orb.
     0 | Abyss:1  | Reached XP level 1. HP: 19/19 MP: 2/2
    20 | Abyss:2  | Noticed an orc sorcerer
    22 | Abyss:2  | Noticed a smoke demon
    40 | Abyss:2  | Got a dazzling leather armour
    47 | D:1      | Escaped the Abyss
    53 | D:1      | Identified the +1 leather armour of Vampiric Thralls {+Blink Str+6 Dex-3 Slay+4} (You found it on level 2 of the Abyss)
    85 | D:1      | Reached * piety under Lugonu
   184 | D:1      | Reached XP level 2. HP: 26/26 MP: 3/3
   500 | D:1      | Reached XP level 3. HP: 28/31 MP: 4/4
   831 | D:2      | Reached ** piety under Lugonu
  1189 | D:2      | You fall through a shaft for 2 floors!
  1213 | D:4      | Found a stormy altar of Qazlal.
  1227 | D:4      | Noticed Duvessa
  1227 | D:4      | Noticed Dowan
  1246 | D:4      | Killed Dowan
  1246 | D:4      | Reached skill level 1 in Dodging
  1246 | D:4      | Reached XP level 4. HP: 21/40 MP: 4/6
  1535 | D:4      | Found a sand-covered staircase.
  1539 | D:4      | Reached XP level 5. HP: 37/46 MP: 7/7
  1543 | Ossuary  | Entered an ossuary
  1631 | Ossuary  | Reached skill level 3 in Invocations
  1800 | Ossuary  | Reached XP level 6. HP: 26/52 MP: 8/8
  2239 | D:3      | Noticed Sigmund
  2248 | D:3      | Killed Sigmund
  2366 | D:3      | Noticed Natasha
  2373 | D:3      | Killed Natasha
  2373 | D:3      | Reached XP level 7. HP: 60/60 MP: 9/9
  2378 | D:3      | Noticed Natasha
  2384 | D:3      | Killed Natasha
  2392 | D:3      | Noticed Natasha
  2395 | D:3      | Noticed Ivernyr's ghost (weakling DsSk)
  2398 | D:3      | Killed Natasha
  2926 | D:3      | Killed Ivernyr's ghost
  2926 | D:3      | Reached skill level 4 in Invocations
  3103 | D:3      | Found a hazy altar of Hepliaklqana.
  3104 | D:3      | Found a white marble altar of Elyvilon.
  3104 | D:3      | Found a deep blue altar of Sif Muna.
  3104 | D:3      | Found an opulent altar of Gozag.
  3105 | D:3      | Found a bloodstained altar of Trog.
  3106 | D:3      | Found a glowing golden altar of the Shining One.
  3107 | D:3      | Found a blossoming altar of Fedhas.
  3357 | D:4      | Found a sparkling altar of Nemelex Xobeh.
  3906 | D:5      | Entered Level 5 of the Dungeon
  3916 | D:5      | Found a snail-covered altar of Cheibriados.
  3960 | D:5      | Found a staircase to the Ecumenical Temple.
  3964 | D:5      | Reached skill level 5 in Axes
  4726 | D:5      | Found a shimmering altar of Xom.
  4726 | D:5      | Found a basalt altar of Yredelemnul.
  4816 | D:6      | Reached XP level 8. HP: 59/67 MP: 11/11
  4847 | D:6      | Got a smoking helmet
  4853 | D:6      | Identified the +1 helmet of Mitrao {+Inv +Fly Str-5} (You found it on level 6 of the Dungeon)
  5107 | D:6      | Reached skill level 5 in Fighting
  5108 | D:6      | Reached skill level 5 in Invocations
  5119 | D:6      | Reached *** piety under Lugonu
  5430 | D:6      | Found a runed door.
  6096 | D:6      | Got a crystal falchion {drain}
  6099 | D:6      | Identified the +11 falchion of Uskayaw's Envy {drain, rC++} (You took it off an orc on level 6 of the Dungeon)
  6334 | D:6      | Noticed Crazy Yiuf
  6338 | D:6      | Killed Crazy Yiuf
  6547 | D:7      | Reached XP level 9. HP: 67/74 MP: 13/13
  6626 | D:7      | Reached skill level 1 in Long Blades
  6653 | D:7      | Found a glowing silver altar of Zin.
  6892 | D:7      | Reached skill level 6 in Invocations
  7277 | D:8      | Identified a scroll of acquirement
  7313 | D:8      | Noticed a two-headed ogre
  7326 | D:8      | Killed a two-headed ogre
  7327 | D:8      | Noticed a two-headed ogre
  7333 | D:8      | Banished a two-headed ogre
  7705 | D:8      | Reached XP level 10. HP: 66/84 MP: 15/15
  7713 | D:8      | Reached skill level 7 in Invocations
  8280 | D:8      | Reached skill level 5 in Long Blades
  8434 | D:8      | Reached **** piety under Lugonu
  8434 | D:8      | Reached skill level 5 in Armour
  8579 | D:9      | Noticed Schimscham's ghost (journeyman OpFE)
  8894 | D:9      | Killed Schimscham's ghost
  8987 | D:9      | Found a staircase to the Lair.
  9023 | D:9      | Reached skill level 8 in Invocations
  9469 | D:9      | Found an iron altar of Okawaru.
  9683 | D:9      | Reached XP level 11. HP: 71/92 MP: 17/17
 10186 | Lair:1   | Entered Level 1 of the Lair of Beasts
 10892 | Lair:1   | Reached skill level 9 in Invocations
 11310 | Lair:1   | Noticed Gastronok
 11325 | Lair:1   | Killed Gastronok
 11355 | Lair:1   | Noticed a five-headed hydra
 11358 | Lair:1   | Banished a five-headed hydra
 11810 | Lair:1   | Reached skill level 5 in Dodging
 12023 | Lair:1   | Reached ***** piety under Lugonu
 12351 | Lair:2   | Reached XP level 12. HP: 91/102 MP: 19/19
 12357 | Lair:2   | Found a staircase to the Swamp.
 12361 | Lair:2   | Noticed a six-headed hydra
 12374 | Lair:2   | Banished a six-headed hydra
 12602 | Lair:2   | Noticed a seven-headed hydra
 12609 | Lair:2   | Banished a seven-headed hydra
 12722 | Lair:2   | Reached skill level 10 in Invocations
 14558 | Lair:3   | Reached skill level 11 in Invocations
 15320 | Lair:4   | Noticed a four-headed hydra
 15321 | Lair:4   | Banished a four-headed hydra
 15325 | Lair:4   | Reached skill level 10 in Long Blades
 15418 | Lair:4   | Found a staircase to the Snake Pit.
 15442 | Lair:4   | Reached skill level 1 in Shields
 15890 | Lair:4   | Noticed a five-headed hydra
 15896 | Lair:4   | Banished a five-headed hydra
 16231 | Lair:4   | Reached XP level 13. HP: 110/111 MP: 21/21
 17110 | Lair:5   | Reached skill level 12 in Invocations
 19303 | Lair:6   | Entered Level 6 of the Lair of Beasts
 20129 | Lair:6   | Reached XP level 14. HP: 101/119 MP: 23/23
 20555 | Lair:6   | Found a staircase to the Slime Pits.
 20586 | Lair:6   | Found a viscous altar of Jiyva.
 21034 | Lair:6   | Reached skill level 10 in Fighting
 21036 | Lair:6   | Found a runed door.
 21453 | Lair:6   | Reached skill level 13 in Invocations
 22344 | Lair:6   | Reached ****** piety under Lugonu
 23270 | Lair:6   | Identified the Volume of the Blaze and Ice
 23908 | D:10     | Entered Level 10 of the Dungeon
 24209 | D:10     | Found a shimmering altar of Xom.
 24391 | D:10     | Reached skill level 5 in Shields
 24557 | D:11     | Found a frozen archway.
 24603 | IceCv    | Entered an ice cave
 25378 | IceCv    | Reached XP level 15. HP: 101/128 MP: 25/25
 25674 | IceCv    | Noticed a frost giant
 25696 | IceCv    | Killed a frost giant
 26684 | D:11     | Found a staircase to the Orcish Mines.
 27705 | D:12     | Found a runed door.
 28027 | D:12     | Reached skill level 14 in Invocations
 28496 | D:12     | Identified the Collected Works on Stones
 28826 | D:13     | Found a shadowy altar of Dithmenos.
 28919 | D:13     | Noticed Maurice
 28930 | D:13     | Killed Maurice
 30005 | D:14     | Found a gate to the Vaults.
 30005 | D:14     | Noticed Urug
 30005 | D:14     | Noticed Nessos
 30417 | D:14     | Killed Nessos
 30423 | D:14     | Killed Urug
 31348 | D:15     | Entered Level 15 of the Dungeon
 31446 | D:15     | Found a staircase to the Depths.
 31804 | D:15     | Noticed Louise
 31828 | D:15     | Killed Louise
 32353 | Abyss:1  | Reached XP level 16. HP: 60/137 MP: 21/26
 32366 | D:15     | Escaped the Abyss
 32824 | D:15     | Got an ichor-stained scimitar
 32825 | D:15     | Identified the cursed +1 scimitar "Nemn" {antimagic, rElec} (You found it on level 15 of the Dungeon)
 33315 | Orc:1    | Entered Level 1 of the Orcish Mines
 33315 | Orc:1    | Noticed Nergalle
 33325 | Orc:1    | Killed Nergalle
 33421 | Orc:2    | Entered Level 2 of the Orcish Mines
 33540 | Orc:2    | Found a staircase to the Elven Halls.
 34025 | Orc:1    | Found a radiant altar of Vehumet.
 34188 | Orc:1    | Noticed Fannar
 34203 | Orc:1    | Killed Fannar
 34789 | Orc:2    | HP: 6/137 [orc priest/divine providence (15)]
 35378 | Orc:2    | Found Joegetil's Distillery.
 35378 | Orc:2    | Found Intena's Gadget Shoppe.
 35384 | Orc:2    | Found Suoqyeg's Gadget Shoppe.
 35386 | Orc:2    | Found Wemiaf's Jewellery Emporium.
 35394 | Orc:2    | Bought the ring "Xaguetet" {rElec MP+9 Str+6 SInv Stlth-} for 543 gold pieces
 35492 | Elf:1    | Entered Level 1 of the Elven Halls
 35579 | Elf:1    | HP: 2/137 [glaive of venom (23)]
 35581 | Elf:1    | Slain by a glaive of venom

Skill      XL: |  1  2  3  4  5  6  7  8  9 10 11 12 13 14 15 16 |
---------------+-------------------------------------------------+-----
Axes           | 2 3 4 5 6 |  6.6
Armour         | 2 3 4 5 6 7 8 9 |  9.9
Dodging        | 1 2 3 4 5 6 7 8 |  8.0
Invocations    | 3 4 5 6 8 9 11 12 13 14 | 14.8
Fighting       | 4 5 6 7 8 9 10 11 | 11.1
Long Blades    | 4 6 8 10 11 12 | 12.9
Shields        | 1 3 5 6 7 |  7.4
Evocations     | |  0.3

Action                   |  1- 3 |  4- 6 |  7- 9 | 10-12 | 13-15 | 16-18 || total
-------------------------+-------+-------+-------+-------+-------+-------++-------
Melee: Hand axe          |    79 |    83 |   132 |       |       |       ||   294
       Kick              |    11 |    20 |    65 |   160 |   619 |    95 ||   970
       Falchion          |       |       |    72 |   519 |  1658 |   279 ||  2528
Invok: Depart the Abyss  |     1 |       |       |       |       |     1 ||     2
       Banish            |       |       |     2 |    14 |    14 |     1 ||    31
       Enter the Abyss   |       |       |       |       |     1 |       ||     1
       Bend Space        |       |       |       |       |       |     1 ||     1
 Abil: Evoke Berserk Rag |       |       |     1 |       |       |       ||     1
Evoke: Wand              |       |       |       |     1 |       |       ||     1
  Use: Scroll            |     6 |     1 |    13 |     6 |    13 |     1 ||    40
       Potion            |       |     1 |       |       |     3 |     4 ||     8
 Stab: Confused          |       |       |       |     1 |       |       ||     1
       Petrified         |       |       |       |       |     8 |       ||     8
  Eat: Chunk             |       |     1 |    14 |    25 |     7 |       ||    47
       Ration            |       |     1 |       |     2 |    13 |     3 ||    19
Armor: Leather armour    |    53 |    43 |   147 |   230 |   640 |    98 ||  1211
Dodge: Dodged            |    27 |    23 |   108 |   169 |   414 |    63 ||   804
Block: Other             |       |       |       |    32 |       |       ||    32
       Shield            |       |       |       |    33 |   738 |       ||   771
       Buckler           |       |       |       |    20 |       |       ||    20
       Reflection        |       |       |       |       |    34 |    12 ||    46
       Large shield      |       |       |       |       |   523 |   351 ||   874
       Rpst.: Falchion   |       |       |    12 |    47 |   101 |    15 ||   175
